AoeStats
← zack

Arena

513769757Analyzed
4v4 RM · 1mo ago on Oct 15, 2026· 37m 25s· 8 players
Game mode
Random Map
Map size
Large (8 player)
Population
200
Speed
Normal
Resources
Standard
Victory
Conquest
Starting age
Dark Age
Ending age
Imperial Age
RankedLock teamsTeams togetherTeam positionsShared explorationLock speedFull tech treeHidden civsTurbo modeCheats
Victory
Defeat
🇨🇳 Gurjaras · China
1146
+13
🇨🇱 Japanese · Chile
1112
+15
🇨🇳 Persians · China
1099
+15
🇹🇼 Khmer · Taiwan
1093
+15
vs
🇨🇦 Japanese · Canada
1127
-17
🇨🇦 Spanish · Canada
1079
-14
🇵🇪 Italians · Peru
1074
-14
🇻🇳 Inca · Vietnam
1040
-13
asd40130069
10:38 Feudal Age
14:28 Castle Age
12:52 Double-Bit Axe
15:33 Bow Saw
16:14 Wheelbarrow
19:50 Horse Collar
20:41 Heavy Plow
22:51 Gold Mining
25:20 Gold Shaft Mining
26:44 Hand Cart
26:15 Loom
29:03 Imperial Age
27:51 Forging
27:47 Scale Barding Armor
28:29 Ballistics
28:17 Stone Mining
29:21 Iron Casting
30:05 Stone Shaft Mining
29:53 Chain Barding Armor
29:38 Husbandry
29:48 Bloodlines
29:00 Pikeman
29:02 Elite Skirmisher
29:26 Light Cavalry
31:16 Chemistry
31:57 Blast Furnace
31:10 Fortified Wall
31:24 Conscription
31:10 Double Crossbow
32:32 Plate Barding Armor
32:46 Elite Ballista Elephant
33:21 Hussar
34:29 Fletching
34:39 Padded Archer Armor
34:50 Masonry
36:18 Crop Rotation
VNG Gà <1000 Kg
0:30 Loom
13:37 Feudal Age
17:53 Castle Age
16:24 Double-Bit Axe
16:21 Horse Collar
17:45 Wheelbarrow
17:15 Scale Mail Armor
17:50 Forging
19:42 Wheelbarrow
27:49 Heavy Plow
37:30 Imperial Age
36:52 Iron Casting
37:24 Chain Mail Armor
Longlonglong
11:25 Feudal Age
15:18 Castle Age
14:04 Double-Bit Axe
14:00 Horse Collar
14:53 Stone Mining
16:52 Stone Shaft Mining
27:33 Gold Mining
29:53 Gold Shaft Mining
30:24 Squires
29:44 Pikeman
31:24 Bow Saw
31:17 Heavy Plow
33:52 Imperial Age
31:59 Wheelbarrow
31:11 Loom
31:58 Husbandry
32:09 Bloodlines
31:20 Light Cavalry
32:22 Scale Barding Armor
33:58 Chain Barding Armor
33:48 Forging
34:46 Conscription
34:24 Cavalier
36:19 Savar
37:39 Plate Barding Armor
zack
10:59 Feudal Age
12:10 Double-Bit Axe
16:02 Castle Age
14:03 Horse Collar
17:18 Bow Saw
17:09 Heavy Plow
18:41 Fletching
20:49 Gold Mining
20:47 Loom
22:42 Wheelbarrow
25:46 Treadmill Crane
28:53 Imperial Age
26:43 Hand Cart
26:14 Town Watch
26:46 Stone Mining
27:32 Gold Shaft Mining
27:50 Scale Barding Armor
27:57 Forging
28:48 Masonry
29:30 Chain Barding Armor
29:24 Bloodlines
29:16 Husbandry
29:09 Heavy Camel Rider
30:45 Iron Casting
30:57 Crop Rotation
31:33 Chemistry
32:41 Padded Archer Armor
33:31 Conscription
33:55 Fortified Wall
33:55 Kshatriyas
35:56 Plate Barding Armor
35:50 Elite Shrivamsha Rider
GrandMasterTitties
4:42 Loom
12:13 Feudal Age
16:13 Castle Age
14:31 Double-Bit Axe
14:33 Horse Collar
18:12 Bow Saw
26:04 Wheelbarrow
25:14 Town Watch
29:58 Imperial Age
27:24 Gold Mining
27:28 Stone Mining
28:12 Hand Cart
28:09 Heavy Plow
29:21 Town Patrol
29:46 Fletching
30:12 Fortified Wall
30:13 Masonry
31:00 Stone Shaft Mining
30:42 Bodkin Arrow
31:13 Ballistics
31:19 Ballistics
32:04 Chemistry
31:42 Conscription
31:59 Hoardings
33:12 Ballistics
33:03 Masonry
33:01 Bracer
33:06 Elite Conquistador
34:07 Supremacy
35:13 Architecture
PilotePSP
0:28 Loom
12:34 Feudal Age
14:04 Double-Bit Axe
14:03 Horse Collar
19:13 Castle Age
20:36 Bow Saw
27:29 Gold Mining
30:58 Imperial Age
29:09 Fletching
29:44 Town Watch
30:37 Wheelbarrow
31:48 Bodkin Arrow
33:09 Chemistry
34:40 Ballistics
35:42 Fortified Wall
36:25 Bracer
Burger Meister
5:09 Loom
12:23 Feudal Age
16:17 Castle Age
14:01 Horse Collar
15:04 Double-Bit Axe
16:43 Wheelbarrow
16:52 Wheelbarrow
17:21 Bow Saw
20:43 Heavy Plow
22:23 Hand Cart
26:37 Forging
26:27 Scale Mail Armor
28:06 Gold Mining
28:07 Stone Mining
28:56 Iron Casting
28:36 Chain Mail Armor
28:16 Fletching
29:56 Ballistics
30:27 Gold Shaft Mining
30:28 Guard Tower
30:51 Yasama
33:24 Imperial Age
31:28 Bodkin Arrow
31:34 Murder Holes
31:57 Masonry
32:39 Town Watch
32:33 Pikeman
33:15 Squires
33:00 Arson
35:43 Chemistry
35:20 Keep
34:38 Arrowslits
34:56 Bracer
35:57 Blast Furnace
35:27 Plate Mail Armor
34:38 Halberdier
37:11 Hoardings
37:01 Kataparuto
36:04 Elite Samurai
KANG
3:21 Loom
11:11 Feudal Age
14:43 Double-Bit Axe
17:24 Castle Age
16:55 Gold Mining
21:13 Horse Collar
27:03 Wheelbarrow
26:40 Bow Saw
33:33 Imperial Age
31:05 Heavy Plow
30:57 Stone Mining
31:44 Gold Shaft Mining
31:35 Forging
31:26 Scale Mail Armor
31:48 Squires
32:14 Hand Cart
33:28 Iron Casting
33:19 Chain Mail Armor
32:44 Pikeman
34:36 Conscription
35:46 Blast Furnace
36:51 Crop Rotation
Connection lost

Rejoining the realm…

Still unreachable

The connection could not be restored.

Session expired

The server has moved on; the page needs a fresh start.